 Dungeon Crawl Stone Soup version 0.18.1-48-g4cf74bf (webtiles) character file.

219 Joat the Insei (level 5, -6/36 HPs)
             Began as an Octopode Transmuter on Aug 10, 2016.
             Killed by divine providence
             ... invoked by an orc priest
              (12 damage)
             ... on level 5 of the Dungeon.
             The game lasted 00:24:14 (4710 turns).

Joat the Insei (Octopode Transmuter)                Turns: 4710, Time: 00:24:14

Health: -6/36      AC:  1    Str:  9    XL:     5   Next: 96%
Magic:  0/8        EV: 13    Int: 16    God:
Gold:   247        SH:  0    Dex: 13    Spells: 2 memorised, 5 levels left

rFire  . . .     SeeInvis .       - Unarmed
rCold  . . .     Gourm    .     (no shield)
rNeg   . . .     Faith    .     (helmet restricted)
rPois  .         Spirit   +     t - amulet of guardian spirit
rElec  .         Dismiss  .     (no ring)
rCorr  .         Reflect  .     (no ring)
SustAt .         Harm     .     (no ring)
MR     .....                    (no ring)
Stlth  ++........               (no ring)
                                (no ring)
                                (no ring)
                                (no ring)

@: very slightly contaminated, hasted, very quick, not resistant to hostile
enchantments, unstealthy
A: almost no armour, amphibious, 8 rings, constrict 8, camouflage 1, gelatinous
body 1
a: no special abilities


You were on level 5 of the Dungeon.
You were not hungry.

You visited 1 branch of the dungeon, and saw 5 of its levels.

You collected 247 gold pieces.

Inventory:

Missiles
 a - an arrow
Armour
 d - a +2 shield
Jewellery
 t - an amulet of guardian spirit (around mantle)
Scrolls
 e - a scroll of recharging
Potions
 f - a potion of degeneration
 i - 2 potions of brilliance
Books
 b - a book of Changes

   Spells                             Type                      Level
   a - Beastly Appendage              Transmutation                1
   b - Sticks to Snakes               Transmutation                2
   c - Spider Form                    Transmutation/Poison         3
   d - Ice Form                       Ice/Transmutation            4
   e - Blade Hands                    Transmutation                5
Comestibles
 c - a bread ration
 g - 2 meat rations
 l - a beef jerky


   Skills:
 + Level 2.9 Fighting
 + Level 3.5 Dodging
 + Level 0.0 Shields
 + Level 4.8 Unarmed Combat
 - Level 2.0 Spellcasting
 - Level 2.0 Transmutations


You had 5 spell levels left.
You knew the following spells:

 Your Spells              Type           Power        Failure   Level  Hunger
q - Beastly Appendage     Trmt           #.....       10%         1    #......
A - Sticks to Snakes      Trmt           #.......     14%         2    ###....


Dungeon Overview and Level Annotations

Branches:
Dungeon (5/15)
 Temple: D:4-7

Altars:
Kikubaaqudgha
Nemelex Xobeh

Annotations:
D:3 exclusion: hippogriff
D:4 Edmund; Tempura's ghost, amateur GrFi


Innate Abilities, Weirdness & Mutations

You cannot wear most types of armour.
You are amphibious.
You can wear up to eight rings at the same time.
You can use your tentacles to constrict eight enemies at once.
Your skin changes colour to match your surroundings (Stealth).
Your rubbery body absorbs attacks (AC +1).


Message History

You miss something. Your squeeze misses something.
You feel less confused. Something hits you.
You tentacle-slap the orc priest. Your grab misses the orc priest.
The orc priest is lightly wounded.
The orc priest hits you but does no damage.
The orc priest calls down the wrath of Beogh upon you.
Beogh smites you!
* * * LOW HITPOINT WARNING * * *
Drink which item? (? for menu, Esc to quit)
Okay, then.
Read which item? (? for menu, Esc to quit)
Okay, then.
Unknown command.
Unknown command.
Enter note: gg Your tentacle spike disappears.
The orc priest calls down the wrath of Beogh upon you.
Beogh smites you!
You die...

#.........'.......
#.........#.......
#.........#.......
#.....o...#.......
#...o{.o..#.......
#.........#.....##
#....5....#.....#
#.........#.....#
#....@....#
#.........#
#.........#
#.........#
#.........#
#.........#
#.........#
#.........#
........########


You could see 2 orc priests, a crimson imp and an orc.

Vanquished Creatures
  A giant frog skeleton (D:4)
  A worker ant (D:4)
  3 gnolls (D:3)
  4 adders
  3 worms
  5 dart slugs
  6 giant geckos
  4 orcs
  6 bats
  2 giant cockroaches (D:1)
  5 goblins
  3 hobgoblins
  8 jackals
  9 kobolds
  3 giant newts
  9 rats
72 creatures vanquished.

Vanquished Creatures (collateral kills)
  An adder (D:4)
1 creature vanquished.

Vanquished Creatures (others)
  A human (D:2)
1 creature vanquished.

Grand Total: 74 creatures vanquished

Notes
Turn   | Place    | Note
--------------------------------------------------------------
     0 | D:1      | Joat the Octopode Transmuter began the quest for the Orb.
     0 | D:1      | Reached XP level 1. HP: 13/13 MP: 3/3
   111 | D:1      | Reached XP level 2. HP: 11/18 MP: 3/5
   448 | D:1      | Reached XP level 3. HP: 21/23 MP: 4/6
  1427 | D:2      | Reached XP level 4. HP: 12/29 MP: 5/7
  1669 | D:2      | Reached skill level 4 in Unarmed Combat
  2010 | D:2      | Found an ancient bone altar of Kikubaaqudgha.
  2011 | D:2      | Noticed a human
  2015 | D:2      | Killed a human
  2164 | D:3      | Found a faded altar to an unknown god.
  2429 | D:3      | Found an ancient bone altar of Kikubaaqudgha.
  2561 | D:3      | Noticed a hippogriff
  2728 | D:3      | Reached XP level 5. HP: 18/35 MP: 5/8
  3149 | D:3      | Found a sparkling altar of Nemelex Xobeh.
  3254 | D:4      | Learned a level 2 spell: Sticks to Snakes
  3486 | D:4      | Noticed Tempura's ghost (amateur GrFi)
  3824 | D:5      | Entered Level 5 of the Dungeon
  4180 | D:4      | Noticed Edmund
  4704 | D:5      | gg
  4710 | D:5      | Killed from afar by an orc priest

Skill      XL: |  1  2  3  4  5 |
---------------+----------------+-----
Fighting       | 2 |  2.9
Unarmed Combat | 4 |  4.8
Dodging        | 3 |  3.5
Spellcasting   | |  2.0
Transmutations | |  2.0

Action                   |  1- 3 |  4- 6 || total
-------------------------+-------+-------++-------
Melee: Unarmed           |    82 |   109 ||   191
       Constrict         |    24 |    24 ||    48
       Tentacles         |    13 |    19 ||    32
       Kick              |    14 |    21 ||    35
       Punch             |     2 |     2 ||     4
 Cast: Beastly Appendage |    16 |    23 ||    39
       Sticks to Snakes  |       |    10 ||    10
  Use: Potion            |       |     7 ||     7
       Scroll            |       |     8 ||     8
 Stab: Sleeping          |     3 |     6 ||     9
       Distracted        |       |     1 ||     1
  Eat: Chunk             |     2 |     9 ||    11
       Bread ration      |       |     1 ||     1
Armor: Skin              |     2 |     5 ||     7
Dodge: Dodged            |    53 |    64 ||   117
